 Dungeon Crawl Stone Soup version 0.20-a0-972-gb9bd3e6 (webtiles) character file.

159 nikopol the Sneak (level 5, 0/28 HPs)
             Began as a Deep Elf Fire Elementalist on Apr 9, 2017.
             Succumbed to an adder's poison
             ... on level 3 of the Dungeon.
             The game lasted 00:14:07 (3029 turns).

nikopol the Sneak (Deep Elf Fire Elementalist)      Turns: 3029, Time: 00:14:07

Health: 0/28       AC:  4    Str:  5    XL:     5   Next: 17%
Magic:  1/12       EV: 19    Int: 21    God:
Gold:   86         SH:  0    Dex: 20    Spells: 5/11 levels left

rFire    + . .     SeeInvis .   d - +0 dagger
rCold    x . .     Gourm    +   (no shield)
rNeg     . . .     Faith    .   a - +0 robe
rPois    .         Spirit   .   t - +0 helmet
rElec    .         Reflect  .   (no cloak)
rCorr    .         Harm     .   l - +0 pair of gloves
MR       .....                  (no boots)
Stlth    +++.......             m - amulet of the gourmand
Regen    0.1/turn               f - ring of loudness
MPRegen  0.2/turn               j - ring of fire

@: agile, lethally poisoned (0 -> -4), flying
A: no striking features
a: no special abilities


You were on level 3 of the Dungeon.
You were not hungry.

You visited 1 branch of the dungeon, and saw 3 of its levels.

You collected 86 gold pieces.

Inventory:

Hand Weapons
 d - a +0 dagger (weapon)
Armour
 a - a +0 robe (worn)
 l - a +0 pair of gloves (worn)
 t - a +0 helmet (worn)
Jewellery
 f - a ring of loudness (left hand)
 j - a ring of fire (right hand)
 m - an amulet of the gourmand (around neck)
Scrolls
 g - a scroll of fear
 h - a scroll of teleportation {unknown}
 i - a scroll of amnesia {unknown}
 k - a scroll of identify {unknown}
 n - a scroll of random uselessness
 o - 2 scrolls of remove curse
 r - a scroll of fog {unknown}
Potions
 e - a potion of flight
Books
 b - a book of Flames

   Spells                             Type                      Level
   a - Flame Tongue                   Conjuration/Fire             1
   b - Throw Flame                    Conjuration/Fire             2
   c - Conjure Flame                  Conjuration/Fire             3
   d - Inner Flame                    Hexes/Fire                   3
   e - Sticky Flame                   Conjuration/Fire             4
   f - Fireball                       Conjuration/Fire             5
Comestibles
 c - a bread ration
 p - 2 chunks of flesh
 s - a fruit
 u - a meat ration


   Skills:
 + Level 3.7 Dodging
 + Level 4.2 Stealth
 + Level 3.8 Spellcasting
 + Level 2.1 Conjurations
 + Level 4.2 Fire Magic


You had 5 spell levels left.
You knew the following spells:

 Your Spells              Type           Power        Failure   Level  Hunger
a - Flame Tongue          Conj/Fire      ####.        3%          1    None
b - Throw Flame           Conj/Fire      ####..       6%          2    #......
c - Conjure Flame         Conj/Fire      ####....     12%         3    ###....


Dungeon Overview and Level Annotations

Branches:
Dungeon (3/15)

Altars:


Message History

You feel sick.
As you read the scroll labeled JUAFETOSTA, it crumbles to dust.
Your +0 dagger glows pale rubric for a moment.
It was a scroll of random uselessness.
As you read the scroll labeled RUORANYTUI, it crumbles to dust.
You feel as if something is helping you.
It was a scroll of remove curse.
* * * LOW HITPOINT WARNING * * *
You feel sick.
Okay, then.
Put on which piece of jewellery? (? for menu, Esc to quit)
You feel more attuned to fire.
j - a ring of fire (right hand) Put on which piece of jewellery? (? for menu, Esc to quit)
You feel a craving for the dungeon's cuisine.
m - an amulet of the gourmand (around neck)
Okay, then.
* * * LOW HITPOINT WARNING * * *
You feel sick.
You die...

#.# ...#### #.#
...... #.# .....###
#?# .).... ######.#
#.... #......# #...#
#......# #...# #
#...$.@#+## #'###.#
####......#
###.....#.
#......####.........
#....>..†...........
#...#######†########
######....#.#
##.......'.#
#........###
#........#


There were no monsters in sight!

Vanquished Creatures
  3 gnolls (D:2)
  6 adders
  A shadow imp (D:3)
  2 worms
  4 leopard geckos
  5 giant cockroaches
  7 hobgoblins
  7 jackals
  4 bats
  4 frilled lizards
  7 goblins
  5 kobolds
  7 rats
62 creatures vanquished.

Notes
Turn   | Place    | Note
-------+----------+-------------------------------------------
     0 | D:1      | nikopol the Deep Elf Fire Elementalist began the quest for the Orb.
     0 | D:1      | Reached XP level 1. HP: 10/10 MP: 6/6
   178 | D:1      | Reached XP level 2. HP: 15/15 MP: 6/8
   351 | D:1      | Learned a level 2 spell: Throw Flame
  1038 | D:2      | Reached XP level 3. HP: 18/19 MP: 1/9
  1624 | D:1      | Reached XP level 4. HP: 18/24 MP: 6/11
  2760 | D:3      | Learned a level 3 spell: Conjure Flame
  2991 | D:3      | Reached XP level 5. HP: 26/28 MP: 8/12
  3027 | D:3      | HP: 1/28 [poisoned by an adder]
  3029 | D:3      | Succumbed to an adder's poison

Vault maps used:
D:1:      scummos_arrival_simple_crosswalls, minmay_door_square
D:3:      first_bread, uniq_crazy_yiuf_cottage

Skill      XL: |  1  2  3  4 |
---------------+-------------+-----
Stealth        | 3 4 |  4.2
Dodging        | 3 |  3.7
Fire Magic     | 4 |  4.2
Conjurations   | 2 |  2.1
Spellcasting   | |  3.8

Action                   |  1- 3 |  4- 6 || total
-------------------------+-------+-------++-------
 Cast: Flame Tongue      |    53 |    63 ||   116
       Throw Flame       |     8 |    13 ||    21
  Use: Scroll            |     1 |     2 ||     3
       Potion            |       |     2 ||     2
  Eat: Chunk             |     2 |     5 ||     7
Armor: Robe              |     5 |     5 ||    10
Dodge: Dodged            |    36 |    24 ||    60
